 Dungeon Crawl Stone Soup version 0.30.0-10-gfe55d96785 (webtiles) character file.

Game seed: 9926708369635567092

1235 GigaChad the Chopper (level 8, -15/60 (63) HPs)
             Began as a Formicid Fighter on May 15, 2023.
             Was a Plaything of Xom.
             Demolished by a two-headed ogre
             ... wielding a +0 giant club
              (25 damage)
             ... on level 6 of the Dungeon.
             The game lasted 00:04:25 (3608 turns).

GigaChad the Chopper (Formicid Fighter)             Turns: 3608, Time: 00:04:26

HP:   -15/60 (63)   AC: 10    Str: 22    XL:     8   Next: 77%
MP:   8/8           EV: 13    Int: 12    God:    Xom [....*.]
Gold: 285           SH:  5    Dex: 12    Spells: 7/7 levels left

rFire   + . .        a - +1 war axe
rCold   . . .        c - +0 buckler
rNeg    . . .        v - +1 chain mail {rF+}
rPois   .            (helmet unavailable)
rElec   .            (no cloak)
rCorr   .            (no gloves)
SInv    +            (no boots)
Will    .....        h - amulet of the acrobat Stlth
                     i - +5 ring of evasion
HPRegen 0.30/turn    (no ring)
MPRegen 0.11/turn

%: acrobat
@: lightly drained
A: permanent stasis, dig shafts and tunnels, antennae 3, four strong arms,
clever 1
a: Dig, Shaft Self, Renounce Religion


You were on level 6 of the Dungeon.
You worshipped Xom.
You were a beloved toy of Xom.
You visited 1 branch of the dungeon, and saw 6 of its levels.

You collected 285 gold pieces.

Inventory:

Hand Weapons
 a - a +1 war axe (weapon)
Armour
 b - a +0 scale mail
 c - a +0 buckler (worn)
 k - a +0 chain mail
 v - a +1 chain mail of fire resistance (worn)
Jewellery
 h - an amulet of the acrobat (around neck)
 i - a +5 ring of evasion (left hand)
 r - an amulet of magic regeneration
Wands
 q - a wand of paralysis (7)
Scrolls
 n - a scroll of enchant weapon
 o - a scroll of identify
Potions
 d - 4 potions of might
 e - a potion of cancellation {unknown}
 f - a potion of mutation {unknown}
 g - a potion of lignification {unknown}
 j - 4 potions of curing
 l - 2 potions of flight {unknown}
 m - 2 potions of heal wounds {unknown}
 p - a potion of degeneration {unknown}
 s - a potion of magic {unknown}
 t - a potion of attraction {unknown}
 u - a potion of haste {unknown}
 w - a potion of brilliance {unknown}


   Skills:
 + Level 5.5 Fighting
 + Level 7.3 Axes
 + Level 5.3 Armour
 + Level 1.6 Dodging
 + Level 1.2 Stealth
 + Level 5.8 Shields


You had 7 spell levels left.
You didn't know any spells.
Your spell library contained the following spells:

 Spells                   Type           Power      Damage    Failure   Level
 Lesser Beckoning         Tloc           0%         N/A       98%         2
 Dazzling Flash           Conj/Hex       0%         N/A       100%        3
 Gell's Gravitas          Tloc           0%         N/A       100%        3
 Teleport Other           Tloc           0%         N/A       100%        3
 Volatile Blastmotes      Fire/Tloc      0%         2d10      100%        3
 Iskenderun's Mystic Bla  Conj/Tloc      0%         2d3       100%        4
 Summon Forest            Summ/Tloc      0%         N/A       100%        5
 Eringya's Noxious Bog    Tmut/Pois      0%         N/A       100%        6
 Starburst                Conj/Fire      0%         6d3       100%        6
 Summon Hydra             Summ           0%         N/A       100%        7


Dungeon Overview and Level Annotations

Branches:
Dungeon (6/15)             Temple (0/1) D:6

Altars:
Uskayaw
Xom


Innate Abilities, Weirdness & Mutations

You cannot be hasted, slowed, berserked, paralysed or teleported.
You can dig through walls and to a lower floor.
You have a pair of large antennae on your head. (SInv)
Your four strong arms can wield two-handed weapons with a shield.
Your mind is acute. (Int +4, Str/Dex -1)


Message History

The iguana is almost dead.
You block the iguana's attack.
You slash the iguana!
You kill the iguana!
No target in view!
No target in view!
No target in view!
No target in view!
You now have 285 gold pieces (gained 22).
Found a scale mail.
Found a staircase to the Ecumenical Temple.
Key pressed, stopping explore.
No target in view!
No target in view!
No target in view!
No target in view!
A two-headed ogre comes into view.
It is wielding a +0 giant club and a +0 giant spiked club.
The two-headed ogre shouts in stereo!
A two-headed ogre is nearby! "Hum-dee-hum-dee-hum..."
The two-headed ogre seems to slow down.
The two-headed ogre is no longer moving slowly.
You slash the two-headed ogre!
The two-headed ogre is lightly wounded.
The two-headed ogre hits you with a +0 giant club!
The two-headed ogre hits you with a +0 giant spiked club!
You closely miss the two-headed ogre.
The two-headed ogre is lightly wounded.
The two-headed ogre hits you with a +0 giant club!!
* * * LOW HITPOINT WARNING * * *
You emit a cloud of colourful smoke!
The two-headed ogre hits you with a +0 giant spiked club.
* * * LOW HITPOINT WARNING * * *
Unknown command.
You hit the two-headed ogre.
The two-headed ogre is lightly wounded.
The two-headed ogre closely misses you.
The two-headed ogre hits you with a +0 giant spiked club!!
You die...
Xom guffaws!

##...####.....<...####...#.##.#
#.......+.........'......)......
##...####.........####.....##.###
##.## ##.......## #..#.## # #.#
###....)..# #.##.#
#.####...#.<.#.#####.##.#
#.................##.....
###......≈≈≈≈≈.§§...#### .#
#......≈≈≈≈≈≈≈≈§@O..#
#.#..≈≈≈≈≈≈≈≈≈≈§§≈..#
#.#.≈≈≈≈≈≈...≈≈≈≈≈≈.#
#.#.≈≈≈≈≈≈.>..........
#.#[≈≈≈≈≈≈...≈≈≈≈≈≈.###
#...≈≈≈≈≈≈≈≈≈≈≈≈≈≈≈.#
#.#..≈≈≈≈≈≈≈≈≈≈≈≈≈..#
#......≈≈≈≈≈≈≈≈≈....#


You could see a two-headed ogre.

Vanquished Creatures
  An ice beast (D:5)
  A black bear (D:4)
  3 centaurs
  2 howler monkeys
  A hound (D:5)
  2 jellies (D:3)
  A gnoll bouda (D:5)
  3 orc priests (D:4)
  Jessica (D:2)
  Terence (D:2)
  4 iguanas
  2 orc wizards (D:4)
  3 adders
  18 gnolls
  A shadow imp (D:5)
  An ufetubus (D:5)
  A worm (D:3)
  A dart slug (D:4)
  17 orcs
  5 ball pythons
  3 bats
  17 endoplasms
  A giant cockroach (D:3)
  6 goblins
  6 hobgoblins
  11 kobolds
  3 quokkas
  3 frilled lizards (D:1)
  2 rats (D:1)
121 creatures vanquished.

Notes
Turn   | Place    | Note
-------+----------+-------------------------------------------
     0 | D:1      | GigaChad the Formicid Fighter began the quest for the Orb.
     0 | D:1      | Reached XP level 1. HP: 18/18 MP: 1/1
   127 | D:1      | Reached XP level 2. HP: 24/24 MP: 2/2
   777 | D:1      | Reached XP level 3. HP: 29/29 MP: 3/3
   910 | D:2      | Noticed Terence
   920 | D:2      | Killed Terence
   974 | D:2      | Noticed Jessica
   980 | D:2      | Reached XP level 4. HP: 25/37 MP: 4/4
   980 | D:2      | Killed Jessica
   981 | D:2      | Reached skill level 3 in Axes
  1050 | D:2      | You fall into a shaft and drop 2 floors!
  1133 | D:3      | Reached XP level 5. HP: 17/42 MP: 5/5
  1545 | D:3      | Reached skill level 4 in Axes
  1545 | D:3      | Reached XP level 6. HP: 25/48 MP: 6/6
  1679 | D:3      | Noticed a golden eye
  1682 | D:3      | Noticed a golden eye
  1684 | D:3      | Found a faded altar of an unknown god.
  1686 | D:3      | Noticed an eye of devastation
  1686 | D:3      | Noticed a shining eye
  1692 | D:3      | Prayed at the altar of an unknown god.
  1692 | D:3      | Became a worshipper of Xom the Begetter of Turbulence
  1837 | D:4      | XOM: potion effect (invisibility)
  1850 | D:4      | Xom revived you
  1857 | D:4      | Reached skill level 5 in Shields
  2055 | D:4      | Reached skill level 5 in Axes
  2055 | D:4      | Reached XP level 7. HP: 39/55 MP: 7/7
  2223 | D:4      | Found a shimmering altar of Xom.
  2225 | D:4      | Found a hide-covered altar of Uskayaw.
  2246 | D:4      | XOM: divination: magic mapping
  2248 | D:4      | Reached skill level 1 in Stealth
  2557 | D:5      | XOM: stealth player
  2557 | D:5      | Entered Level 5 of the Dungeon
  2590 | D:5      | Reached skill level 1 in Dodging
  2594 | D:5      | HP: 2/55 [gnoll/+0 flail (3)]
  2596 | D:5      | XOM: potion effect (heal wounds)
  2601 | D:5      | Reached skill level 5 in Fighting
  2601 | D:5      | Reached skill level 6 in Axes
  2612 | D:5      | Reached XP level 8. HP: 24/62 MP: 8/8
  2783 | D:5      | XOM: potion effect (might)
  2803 | D:5      | Reached skill level 5 in Armour
  2844 | D:5      | XOM: give mutation
  2844 | D:5      | Gained mutation: Your mind is acute. (Int +4, Str/Dex -1)
                  | [Xom's mischief]
  3077 | D:5      | XOM: summons 3 hostile demons
  3121 | D:5      | XOM: polymorph ufetubus -> shadow imp
  3384 | D:6      | Reached skill level 7 in Axes
  3522 | D:6      | XOM: smoke on damage
  3588 | D:6      | Found a staircase to the Ecumenical Temple.
  3601 | D:6      | Noticed a two-headed ogre
  3603 | D:6      | XOM: enchant monster (good)
  3607 | D:6      | XOM: smoke on damage
  3608 | D:6      | Demolished by a two-headed ogre

Illustrated notes

Levels and vault maps discovered:
D:1:      zelgadis_glass_arrival_small, layout_basic
D:2:      layout_rooms, serial_forest, infiniplex_forest_join,
          infiniplex_forest_end_3, infiniplex_forest_end_1,
          infiniplex_forest_zigzag_1, infiniplex_forest_end_2,
          infiniplex_forest_clump_diagonal, infiniplex_forest_lined_room_,
          uniq_terence, uniq_jessica
D:3:      cheibrodos_fertilizer, layout_basic,
          hellmonk_ecumenical_altar_watching_god, kennysheep_generic_room_7
D:4:      layout_rooms, nicolae_overflow_hidden_temple
D:5:      layout_gridville
D:6:      black_bear_nest_2, layout_loops_corners, temple_pool_b, uniq_duvessa

Skill      XL: |  1  2  3  4  5  6  7  8 |
---------------+-------------------------+-----
Axes           | 3 4 5 6 7 |  7.3
Armour         | 4 5 |  5.3
Fighting       | 4 5 |  5.5
Shields        | 5 |  5.8
Stealth        | 1 |  1.2
Dodging        | 1 |  1.6

Action                     |  1- 3 |  4- 6 |  7- 9 || total
---------------------------+-------+-------+-------++-------
  Melee: War axe           |    49 |   139 |   144 ||   332
    Use: Scroll            |     4 |       |     3 ||     7
   Stab: Invisible         |       |     4 |       ||     4
 Armour: Scale mail        |    15 |       |       ||    15
         Chain mail        |     4 |    53 |    66 ||   123
  Dodge: Dodged            |    25 |   114 |   162 ||   301
  Block: Buckler           |    10 |    39 |    51 ||   100
